 Dungeon Crawl Stone Soup version 0.24.0-1-gfbc8707122 (webtiles) character file.

Game seed: 501747019162013687, levelgen mode: deterministic

37 Oravi the Grave Robber (level 3, -2/27 (28) HPs)
             Began as a Ghoul Necromancer on Oct 27, 2019.
             Slain by Terence
             ... wielding a +0 morningstar
              (10 damage)
             ... on level 2 of the Dungeon.
             The game lasted 00:07:25 (1417 turns).

Oravi the Grave Robber (Ghoul Necromancer)          Turns: 1417, Time: 00:07:26

HP:   -2/27 (28)    AC:  5    Str: 11    XL:     3   Next: 39%
MP:   0/4           EV: 10    Int: 11    God:
Gold: 102           SH:  0    Dex:  9    Spells: 4/5 levels left

rFire    . . .     SeeInvis .   i - +1 dagger (protect)
rCold    + . .     Gourm    .   (no shield)
rNeg     + + +     Faith    .   m - +0 ring mail
rPois    ∞         Spirit   .   (no helmet)
rElec    .         Reflect  .   (no cloak)
rCorr    .         Harm     .   (no gloves)
MR       .....                  (no boots)
Stlth    +.........             (no amulet)
HPRegen  0.00/turn              (no ring)
MPRegen  0.09/turn              (no ring)

@: rotting
A: rotting body, claws 1, carnivore, cold resistance 1, negative energy
resistance 3, inhibited regeneration, torment resistance, unbreathing
a: no special abilities


You were on level 2 of the Dungeon.
You were not hungry.

You visited 1 branch of the dungeon, and saw 2 of its levels.

You collected 102 gold pieces.

Inventory:

Hand Weapons
 e - a +0 dagger
 f - a +0 mace
 g - a +0 hunting sling
 i - a +1 dagger of protection (weapon)
Missiles
 b - 15 sling bullets
 j - 7 boomerangs (quivered)
 k - 142 stones
Armour
 a - a +0 robe
 d - a +0 leather armour
 m - a +0 ring mail (worn)
Scrolls
 n - a scroll of identify {unknown}
Comestibles
 c - 4 rations
 h - 2 chunks of flesh


   Skills:
 + Level 1.5 Fighting
 + Level 0.3 Armour
 - Level 1.7 Dodging
 - Level 2.1 Stealth
 * Level 2.5 Unarmed Combat
 - Level 1.7 Spellcasting
 - Level 4.0 Necromancy


You had 4 spell levels left.
You knew the following spells:

 Your Spells              Type           Power        Failure   Level  Hunger
a - Pain                  Necr           #...         14%         1    ##.....

Your spell library contained the following spells:

 Spells                   Type           Power        Failure   Level  Hunger
 Animate Skeleton         Necr           N/A          14%         1    ##.....
 Vampiric Draining        Necr           #.........   38%         3    ####...
 Regeneration             Chrm/Necr      #.........   67%         3    ####...
 Animate Dead             Necr           N/A          80%         4    #####..


Dungeon Overview and Level Annotations

Branches:
Dungeon (2/15)

Altars:

Annotations:
D:2 Terence


Innate Abilities, Weirdness & Mutations

Your body is rotting away.
You thrive on raw meat.
You are immune to poison.
You have sharp fingernails.
You are carnivorous and can eat meat at any time.
Your flesh is cold resistant. (rC+)
You are immune to negative energy. (rN+++)
You do not regenerate when monsters are visible.
You are immune to unholy pain and torment.
You can survive without breathing.


Message History

Aim: Terence, wielding a +0 morningstar and wearing a +3 scale mail (heavily wounded, chance to defeat MR: 68%) Terence struggles to resist.
Terence barely misses you.
Casting: Pain (safe; 14% risk of failure)
Aiming: Pain (safe; 14% risk of failure)
Aim: Terence, wielding a +0 morningstar and wearing a +3 scale mail (heavily wounded, chance to defeat MR: 68%) Terence writhes in agony.
Casting: Pain (safe; 14% risk of failure)
You don't have enough magic to cast that spell.
Terence completely misses you.
Casting: Pain (safe; 14% risk of failure)
Aiming: Pain (safe; 14% risk of failure)
Aim: Terence, wielding a +0 morningstar and wearing a +3 scale mail (heavily wounded, chance to defeat MR: 68%) Terence writhes in agony.
Terence screams, "I want your blood!"
Terence says, "Don't bother to defend, it's senseless."
Casting: Pain (safe; 14% risk of failure)
Aiming: Pain (safe; 14% risk of failure)
Aim: Terence, wielding a +0 morningstar and wearing a +3 scale mail (heavily wounded, chance to defeat MR: 68%) Terence writhes in agony.
Terence hits you with a +0 morningstar!
You die...

#....(.#.##
##..##.#..#######
##.##.##.......# .
#......#...## ..
##....).....###...
#)................
#............##...
#######......#
#...@@.##
##...#..#
######.### #...#
#### ###.### #..#
#...# ##.## ###.##
##..# #..###
#...##### ##...#


You could see Terence.

Vanquished Creatures
  A worm (D:1)
  A dart slug (D:2)
  A giant cockroach (D:1)
  5 goblins
  3 hobgoblins
  3 jackals (D:1)
  5 kobolds (D:2)
  5 bats
  2 frilled lizards
  4 rats
30 creatures vanquished.

Vanquished Creatures (others)
  9 toadstools (D:2)
9 creatures vanquished.

Grand Total: 39 creatures vanquished

Notes
Turn   | Place    | Note
-------+----------+-------------------------------------------
     0 | D:1      | Oravi the Ghoul Necromancer began the quest for the Orb.
     0 | D:1      | Reached XP level 1. HP: 14/14 MP: 2/2
   194 | D:1      | Reached skill level 1 in Unarmed Combat
   231 | D:1      | Reached XP level 2. HP: 21/22 MP: 0/3
   504 | D:1      | Reached skill level 1 in Fighting
  1150 | D:2      | Reached XP level 3. HP: 27/28 MP: 4/4
  1343 | D:2      | Noticed Terence
  1417 | D:2      | Slain by Terence

Levels and vault maps discovered:
D:1:      eino_arrival_water_cross, layout_basic
D:2:      cheibrodos_fertilizer, layout_rooms, uniq_terence

Skill      XL: |  1  2 |
---------------+-------+-----
Unarmed Combat | 1 2 |  2.5
Fighting       | 1 |  1.5
Armour         | |  0.3
Dodging        | |  1.7
Stealth        | |  2.1
Spellcasting   | |  1.7
Necromancy     | |  4.0

Action                   || total
-------------------------++-------
Melee: Unarmed           ||    16
       Dagger            ||    36
 Fire: Hunting sling     ||    82
 Cast: Pain              ||    19
  Use: Scroll            ||     1
       Potion            ||     1
 Stab: Sleeping          ||     2
  Eat: Chunk             ||     3
Armor: Leather armour    ||    15
       Robe              ||     1
       Ring mail         ||    11
Dodge: Dodged            ||    59
